[Event "GrandPrix_30.05"]
[Site "Chess.com"]
[Date "2020.05.30"]
[Round "1"]
[White "OK97"]
[Black "Yurovskykh_Alexander"]
[Result "0-1"]
[WhiteElo "2407"]
[BlackElo "2237"]
[TimeControl "600+2"]
[EndTime "8:26:39 PDT"]
[Termination "Yurovskykh_Alexander won by resignation"]

1. e4 d5 2. exd5 Qxd5 3. Nc3 Qd8 4. d4 Nf6 5. Nf3 Bg4 6. h3 Bxf3 7. Qxf3 c6 8. Be3 e6 9. O-O-O Bb4 10. Ne4 Nxe4 11.
Qxe4 Qd5 12. Qxd5 cxd5 13. c3 Bd6 14. c4 dxc4 15. Bxc4 Nd7 16. Kb1 O-O 17. d5 e5 18.
g4 a6 19. Rc1 Rac8 20. Rhe1 f6 21. h4 Rc7 22. Bd3 Rfc8 23. Bf5 Rxc1+ 24. Bxc1 Rc7 25. g5 g6 26. Be6+ Kg7 27. Bd2 Nc5 28.
Bh3 f5 29. Bc3 Re7 30. f3 Nd3 31. Rg1 Nf4 32. Bf1 Bc5 33. Rh1 Nxd5 34. Bd2 Be3 35. Ba5 Bb6 36. Bd2 Rc7 37. Bd3 Be3 38. Ba5 Rc5 39.
b4 Rc3 40. Rd1 Bd4 41. b5 Rc5 42. a4 b6 43. Be1 a5 44. h5 Nf4 45. h6+ Kf8 46. Bc2 Ne6 47. Bd2 f4 48. Bc1 Rc7 49.
Ba3+ Nc5 50. Be4 Ke7 51. Bc6 Rc8 52. Kc2 Ke6 53. Bxc5 bxc5 54. Be4 c4 55. Rb1 Bb6 56. Rd1 Bd4 57. Rb1 Rb8 58. Rd1 Ke7 59. Rb1 Kf8 60. Rd1 Rd8 61. Rb1 Bb6 62. Kc3 Rd4 63. Rh1 Kg8 64.
Re1 Bd8 65. Bc2 Bc7 66. Re4 Rxe4 67. Bxe4 Bd8 68. Kxc4 Bxg5 69. b6 Bd8 70. b7 Bc7 71. Kd5 Kf7 72. Kc6 Bb8 73. Kd7 Kf6 74. Kc8 Ba7 75.
b8=Q Bxb8 76. Kxb8 Kg5 77. Kc7 Kxh6 78. Kb6 Kg5 79.
Kxa5 h5 80. Bd3 h4 81. Bf1 e4 82. fxe4 Kg4 83. Kb6 h3 84. a5 h2 85. Bg2 f3 86.
Bh1 f2 87. a6 f1=Q 88. a7 Qxh1 89. a8=Q Qb1+ 90. Kc7 h1=Q 91. Qc8+ Kg3 0-1

[Event "GrandPrix_30.05"]
[Site "Chess.com"]
[Date "2020.05.30"]
[Round "1"]
[White "caspiwins"]
[Black "ftorodent"]
[Result "1-0"]
[WhiteElo "2424"]
[BlackElo "2076"]
[TimeControl "600+2"]
[EndTime "8:27:05 PDT"]
[Termination "caspiwins won on time"]

1. e4 c5 2. Nf3 e6 3. d4 cxd4 4. Nxd4 a6 5. Nc3 b5 6. Bd3 Qb6 7. Nf3 Nc6 8. O-O d6 9. a4 b4 10. a5 Qc7 11. Na4 Bb7 12. Be3 Nf6 13. Nb6 Ra7 14.
Nc4 Ra8 15. Bb6 Qb8 16. Re1 Be7 17. Qd2 O-O 18. Nd4 d5 19. exd5 Nxd5 20. Nxc6 Bxc6 21.
Ne5 Qb7 22. Nxc6 Qxc6 23. Be4 Bc5 24. Qd3 g6 25. Qc4 Rfc8 26. Bxc5 Qxc5 27. Qd3 Ra7 28. Bxd5 Qxd5 29. Qxd5 exd5 30. Ra4 Rb7 31. Re2 b3 32. c3 Rxc3 33. bxc3 b2 34. Rxb2 Rxb2 35. g3 Kg7 36.
Kg2 h5 37. c4 dxc4 38. Rxc4 Rb5 39. Ra4 Kf6 40. h4 Ke5 41. Kf3 f6 42. Ke3 Rb3+ 43. Ke2 Rb5 44. Ke3 Kd6 45. Rf4 Ke6 46. Ra4 g5 47.
Kd3 Kf5 48. Ke3 Rb3+ 49. Ke2 Rb5 50. Ke3 Re5+ 51. Kf3 g4+ 52. Kg2 Re4 53. Ra2 Rb4 54. f3 gxf3+ 55. Kxf3 Rb3+ 56. Kg2 Ke4 57. Re2+ Kd5 58. Rf2 Ke6 59. Rc2 Kd6 60. Rf2 Ke7 61.
Rf5 Kf7 62. Rxh5 Kg6 63. Rc5 Ra3 64. Kh3 Ra4 65. Rd5 Kh6 66. Rf5 Kg6 67. Rc5 Ra3 68.
h5+ Kh6 69. Kg4 Ra4+ 70. Kf5 Kxh5 71. Kxf6+ Kg4 72. Rg5+ Kf3 73. Ke6 Rd4 74. Rd5 Ra4 75. Kd6 Kxg3 76. Kc7 Rb4 77. Rd6 Kf4 78. Rxa6 Rb5 79.
Kc6 Rh5 80. Ra8 Ke4 81. a6 Rh6+ 82. Kb5 Rh5+ 83. Kc4 Re5 84. Rc8 Ra5 85. Rc6 Ra1 86.
Kb5 Kd5 87. Rc2 Rb1+ 88. Ka5 Ra1+ 89. Kb6 Rb1+ 90. Kc7 Ra1 91. Rc6 Ra2 92. Kb7 Rb2+ 93. Rb6 Rh2 94. a7 Rh7+ 95. Ka6 Rh8 96. Rb8 1-0

[Event "GrandPrix_30.05"]
[Site "Chess.com"]
[Date "2020.05.30"]
[Round "1"]
[White "ly4o"]
[Black "jncool68"]
[Result "0-1"]
[WhiteElo "2018"]
[BlackElo "2357"]
[TimeControl "600+2"]
[EndTime "8:28:20 PDT"]
[Termination "jncool68 won by resignation"]

1. d4 Nf6 2. c4 e6 3. Nf3 Bb4+ 4. Bd2 Qe7 5. g3 Nc6 6. Nc3 O-O 7. Bg2 Na5 8. b3 b6 9. O-O Bb7 10. Qc2 Rac8 11.
Bg5 h6 12. Bxf6 Qxf6 13. Ne5 Bxg2 14. Kxg2 Qe7 15. a3 Bxa3 16. Nb5 Bb4 17. Nxa7 Ra8 18. Nb5 c6 19. Nc3 d5 20. Na4 dxc4 21. bxc4 c5 22.
dxc5 bxc5 23. Kg1 Qc7 24. Nd3 Rfb8 25. Rfb1 Qc6 26. Ne5 Qc7 27. Nd3 Nc6 28. e3 Ne5 29. Nxe5 Qxe5 30. Ra2 Ra5 31. Rab2 Rba8 32. Nb6 R8a6 33.
Nd7 Qc7 34. Nxc5 Bxc5 35. Rb8+ Bf8 36. Qe4 Ra1 37. Kg2 Rxb1 38. Qxb1 Qxc4 39. Kg1 Rc6 40. Qb7 Qd5 41. Qb1 Qd7 42. Rb7 Rc7 43. Rb8 Rc8 44. Rb7 Qc6 45. Qb3 Qd5 46. Qb1 Rc1+ 47. Qxc1 Qxb7 48. h4 Qd5 49. Qc8 g5 50. hxg5 hxg5 51. Qb8 Kg7 52. Qb2+ e5 53. Qc2 Be7 54. Qf5 Qe6 55.
Qc2 e4 56. Qc3+ Bf6 57. Qc5 Qe5 58. Qc8 Qa1+ 59. Kg2 Qd1 60. Qe8 Qf3+ 61. Kg1 Bc3 62. Qe7 Qf6 63. Qxe4 Be1 64. Qc2 Bc3 65. Kg2 Qc6+ 66.
Kg1 Qc5 67. Qe4 Qe5 68. Qd3 g4 69. Qc4 f5 70. Qc6 Bb4 71. Qd7+ Be7 72. Qe8 Kf6 73.
Qh8+ Ke6 74. Qg8+ Kd6 75. Qb8+ Kd5 76. Qb7+ Kc4 77. Qc8+ Bc5 78. Qg8+ Kc3 79. Qa2 Kb4 80. Qb1+ Kc4 81. Qc2+ Kb5 82. Qb3+ Bb4 83. Qd3+ Ka4 84. Qc2+ Ka3 85. Qb1 Qe4 86. Qa1+ Kb3 87. Qd1+ Kb2 88. Qa4 Kc1 89. Qa1+ Qb1 90. Qd4 Bd2 91. Kf1 Qb5+ 92.
Kg1 Kd1 93. Qa1+ Kc2 94. Qa2+ Kc1 95. Qa1+ Qb1 96. Qd4 Kc2+ 97. Kg2 Qb7+ 98. Kg1 Qe4 99. Qa1 Bc1 100. Qa2+ Kd1 101. Qb3+ Ke2 102. Qa2+ Bd2 103. Qa1 Bxe3 104. Qa6+ Qd3 105. Qa2+ Kf3 106. Qa8+ Qe4 107. Qa2 Bc1 108. Qb3+ Ke2 109. Qa2+ Bd2 110. Qa1 Kd3 111. Qb1+ Kd4 112. Qb6+ Kc3 113. Qc5+ Kb2 114. Qb5+ Kc2 115. Qa6 Bc3 116. Qa2+ Kc1 117. Qa3+ Bb2 118. Qc5+ Qc2 119. Qd5 Ba3 120. Qe5 Bc5 121. Qa1+ Kd2 122. Qe5 Qb1+ 123. Kh2 Bxf2 124. Qa5+ Kd1 125. Qd5+ Kc1 126. Qc4+ Qc2 127. Qf1+ Kd2 128. Qb5 Be3 129. Qd5+ Ke1+ 130. Kh1 Qe4+ 131. Qxe4 fxe4 0-1

[Event "GrandPrix_30.05"]
[Site "Chess.com"]
[Date "2020.05.30"]
[Round "2"]
[White "Nuvas"]
[Black "Sergey_Krivenko"]
[Result "1-0"]
[WhiteElo "2267"]
[BlackElo "2086"]
[TimeControl "600+2"]
[EndTime "8:36:22 PDT"]
[Termination "Nuvas won by resignation"]

1. d4 d5 2. c4 c6 3. Nf3 Nf6 4. Nc3 dxc4 5. e4 b5 6. Be2 b4 7. Na4 Nxe4 8. Bxc4 Nd6 9. Bd3 Bf5 10. O-O e6 11. Bf4 Bxd3 12. Qxd3 Be7 13. Rac1 O-O 14.
Rfd1 Nf5 15. Bxb8 Rxb8 16. Ne5 Qd5 17. Nxc6 Rbc8 18. Qxf5 1-0

[Event "GrandPrix_30.05"]
[Site "Chess.com"]
[Date "2020.05.30"]
[Round "2"]
[White "ZefirKa"]
[Black "Bestromano"]
[Result "1-0"]
[WhiteElo "2081"]
[BlackElo "2120"]
[TimeControl "600+2"]
[EndTime "8:37:08 PDT"]
[Termination "ZefirKa won by resignation"]

1. e4 c5 2. Nf3 g6 3. d4 cxd4 4. Nxd4 Nc6 5. c4 Nf6 6. Nc3 d6 7. Be2 Nxd4 8. Qxd4 Bg7 9. Bg5 O-O 10. Qd2 a5 11.
O-O a4 12. Rfd1 Be6 13. e5 dxe5 14. Qxd8 Rfxd8 15. Rxd8+ Rxd8 16. Nxa4 h6 17. Be3 Ng4 18. Bxg4 Bxg4 19. b3 Bd7 20. Rd1 Kf8 21. Bb6 1-0

[Event "GrandPrix_30.05"]
[Site "Chess.com"]
[Date "2020.05.30"]
[Round "2"]
[White "Kostya_Nikologorskiy"]
[Black "Kildepiotr"]
[Result "1-0"]
[WhiteElo "2224"]
[BlackElo "2035"]
[TimeControl "600+2"]
[EndTime "8:37:33 PDT"]
[Termination "Kostya_Nikologorskiy won by resignation"]

1. e4 g6 2. d4 Bg7 3. Nc3 c6 4.
Bf4 d6 5. Qd2 Nd7 6. O-O-O e5 7.
Be3 Ngf6 8. f3 Qc7 9. h4 h5 10. Nh3 b5 11. dxe5 dxe5 12. Bxb5 cxb5 13. Nxb5 Qc6 14.
Nd6+ Kf8 15. Ng5 Nb6 16. Ndxf7 Be6 17. Nxe5 Qe8 18. Qd6+ 1-0

[Event "GrandPrix_30.05"]
[Site "Chess.com"]
[Date "2020.05.30"]
[Round "2"]
[White "AlexVanGog"]
[Black "BakaPG"]
[Result "0-1"]
[WhiteElo "2510"]
[BlackElo "2332"]
[TimeControl "600+2"]
[EndTime "8:39:36 PDT"]
[Termination "BakaPG won by checkmate"]

1. d4 d5 2. c4 c6 3. Nf3 Nf6 4. Nc3 e6 5. Bg5 dxc4 6. e4 b5 7. e5 h6 8. Bh4 g5 9. Nxg5 hxg5 10. Bxg5 Be7 11. exf6 Bxf6 12. Bxf6 Qxf6 13. g3 Bb7 14. Bg2 Na6 15. a4 O-O-O 16. axb5 cxb5 17. Bxb7+ Kxb7 18. Nxb5 Nb4 19. Rxa7+ Kb6 20. Qa4 Nd3+ 21. Kd2 Qxf2+ 22. Kc3 Qxb2+ 23. Kxc4 Rxd4+ 24. Nxd4 Ne5# 0-1

[Event "GrandPrix_30.05"]
[Site "Chess.com"]
[Date "2020.05.30"]
[Round "2"]
[White "bratkoo"]
[Black "Tokarev_Sergey"]
[Result "1-0"]
[WhiteElo "2208"]
[BlackElo "1992"]
[TimeControl "600+2"]
[EndTime "8:39:56 PDT"]
[Termination "bratkoo won by resignation"]

1. e4 e6 2. d4 d5 3. Nd2 c5 4. Ngf3 cxd4 5. exd5 exd5 6. Nxd4 Nf6 7. Bd3 Bc5 8. N2b3 Bxd4 9. Nxd4 O-O 10. O-O Nc6 11. Nxc6 bxc6 12. h3 c5 13. Bg5 Qb6 14. b3 Bb7 15. c4 d4 16. Bxf6 Qxf6 17. Qh5 g6 18. Qxc5 Rfc8 19. Qa5 Qc6 20. f3 Qd6 21. Rfe1 Qg3 22. Qe5 Qh4 23. Be4 Re8 24. Qxd4 Rad8 25. Qf2 Qxf2+ 26. Kxf2 Rd2+ 27. Kf1 Bc8 28. Bd5 Rxe1+ 29.
Rxe1 Kf8 30. Re2 Rd1+ 31. Kf2 Bf5 32. Be4 Be6 33. Ke3 Ke7 34. Rd2 Re1+ 35. Kd4 f5 36. Bd5 Bc8 37. c5 Rc1 38. Re2+ Kd8 39. c6 Ba6 40.
Bc4 Rd1+ 41. Kc5 Bc8 42. Re5 Rg1 43. Kd6 Rd1+ 44. Bd5 Rc1 45. Bf7 Rd1+ 46. Rd5 Rxd5+ 47.
Bxd5 1-0

[Event "GrandPrix_30.05"]
[Site "Chess.com"]
[Date "2020.05.30"]
[Round "2"]
[White "MirMan90"]
[Black "FCLitras"]
[Result "1-0"]
[WhiteElo "2192"]
[BlackElo "1907"]
[TimeControl "600+2"]
[EndTime "8:40:59 PDT"]
[Termination "MirMan90 won by resignation"]

1. e4 c6 2. d4 d5 3. Nc3 dxe4 4. Nxe4 Bf5 5. Ng3 Bg6 6. h4 h6 7. Nh3 e6 8. Nf4 Bh7 9. Bc4 Nf6 10. O-O Bd6 11.
Re1 O-O 12. c3 Nd5 13. Qg4 Nxf4 14. Bxf4 Bxf4 15. Qxf4 Nd7 16. Re2 Qf6 17. Qc7 Nb6 18. Bb3 Rab8 19. h5 Nd5 20. Bxd5 cxd5 21. Re3 Rfc8 22.
Qd6 Rd8 23. Qa3 a6 24. Rf3 Qg5 25. Re1 Re8 26. Qd6 Red8 27. Qc7 Rf8 28. Rxf7 Rxf7 29.
Qxb8+ Rf8 30. Qd6 Qd2 31. Qxe6+ Kh8 32. Qe2 Qf4 33. Qe3 Qf6 34. f3 Qh4 35. Qe7 Rf6 36. Qd8+ Bg8 37. Re8 Qxg3 38. Rxg8+ 1-0

[Event "GrandPrix_30.05"]
[Site "Chess.com"]
[Date "2020.05.30"]
[Round "2"]
[White "ZEN-22"]
[Black "Arasvard"]
[Result "1-0"]
[WhiteElo "2201"]
[BlackElo "1983"]
[TimeControl "600+2"]
[EndTime "8:41:02 PDT"]
[Termination "ZEN-22 won by resignation"]

1. e4 c5 2. b4 cxb4 3. a3 d5 4.
exd5 Qxd5 5. Nf3 Nf6 6. axb4 Bg4 7. Nc3 Qd7 8. h3 Bxf3 9. Qxf3 Nc6 10. Bb5 e6 11. Bxc6 bxc6 12. b5 Nd5 13. bxc6 Qxc6 14. Nxd5 Qxd5 15. Qxd5 exd5 16. Ra5 d4 17. Bb2 Rb8 18.
Bc1 d3 19. cxd3 Rb7 20. O-O Bd6 21. Re1+ Kd7 22. Ba3 Rc8 23. Kf1 Rc2 24. Ke2 Ra2 25. Bb4 Rxa5 26. Bxa5 Kc6 27. d4 Kd5 28. Kd3 Rb3+ 29.
Bc3 Ra3 30. Re8 h5 31. g4 hxg4 32. hxg4 g6 33. f3 a5 34. Ra8 a4 35. Ra5+ Kc6 36. Kc4 Ra2 37. Ra6+ Kd7 38. Kd5 Bf4 39. Ra7+ Ke8 40.
Bb4 f5 41. gxf5 gxf5 42. Ke6 Kd8 43. Kxf5 Bc7 44. Ke6 Ra1 1-0

[Event "GrandPrix_30.05"]
[Site "Chess.com"]
[Date "2020.05.30"]
[Round "2"]
[White "Karateloru"]
[Black "Gurvich_Vitaly"]
[Result "1-0"]
[WhiteElo "2186"]
[BlackElo "2262"]
[TimeControl "600+2"]
[EndTime "8:42:55 PDT"]
[Termination "Karateloru won by checkmate"]

1. e4 c5 2. Nf3 Nc6 3. d4 cxd4 4. Nxd4 e5 5. Nf3 Nf6 6. Bd3 d5 7. exd5 Qxd5 8. O-O Be7 9. Nc3 Qa5 10. Bg5 O-O 11. Bxf6 Bxf6 12. Nd5 Rd8 13. Nxf6+ gxf6 14. Nd2 f5 15.
Nc4 Qd5 16. Qh5 e4 17. Qg5+ Kf8 18. Ne3 Qe5 19. Bc4 Rd6 20. Qh5 Kg7 21. Qxf7+ Kh6 22. Qf8+ Kg5 23. f4+ exf3 24. Rxf3 f4 25. h4+ Kxh4 26.
Rxf4+ Kg5 27. Rf2 Rg6 28. Re1 Rb8 29. Bd3 Rg7 30. Qf3 Nd4 31. Qd5 Qxd5 32. Nxd5 Bg4 33. Re5+ Kh4 34. Re4 Nc6 35. Ne3 Kg3 36. Rxg4+ Rxg4 37. Nf5# 1-0

[Event "GrandPrix_30.05"]
[Site "Chess.com"]
[Date "2020.05.30"]
[Round "2"]
[White "AliKa2810"]
[Black "EvgenyPigusov"]
[Result "1-0"]
[WhiteElo "2190"]
[BlackElo "2234"]
[TimeControl "600+2"]
[EndTime "8:43:35 PDT"]
[Termination "AliKa2810 won by resignation"]

1. d4 Nf6 2. c4 c5 3. d5 e6 4. Nc3 exd5 5. cxd5 d6 6. Nf3 g6 7.
Nd2 Nbd7 8. e4 Bg7 9. Be2 O-O 10. O-O Re8 11. h3 a6 12. a4 Rb8 13. a5 h6 14. Ra3 g5 15. f4 gxf4 16. Rxf4 Ne5 17. Rf2 Ng6 18. Qf1 Qe7 19. Nc4 Bd7 20. Bxh6 Bxh6 21.
Rxf6 Bg7 22. Rxd6 Bb5 23. Rb6 Bxc4 24. Bxc4 Bd4+ 25. Kh1 Ne5 26. Ne2 Nxc4 27. Nxd4 Nxb6 28. Rg3+ Kf8 29. Ne6+ 1-0

[Event "GrandPrix_30.05"]
[Site "Chess.com"]
[Date "2020.05.30"]
[Round "2"]
[White "VerdeNotte"]
[Black "jncool68"]
[Result "1-0"]
[WhiteElo "2763"]
[BlackElo "2346"]
[TimeControl "600+2"]
[EndTime "8:43:45 PDT"]
[Termination "VerdeNotte won by resignation"]

1. e4 e5 2. Nf3 Nc6 3. Bc4 Bc5 4. c3 Nf6 5. d4 exd4 6. e5 d5 7. Bb5 Ne4 8. cxd4 Bb6 9. Nc3 O-O 10. Be3 Bf5 11.
O-O Ne7 12. Nh4 c6 13. Bd3 Nxc3 14. bxc3 Bxd3 15. Qxd3 f6 16. exf6 Rxf6 17. Bg5 Rf7 18. Nf3 Bc7 19. Ne5 Bxe5 20. dxe5 Qd7 21. Rae1 Qe6 22.
Bxe7 Rxe7 23. f4 g6 24. f5 gxf5 25. Rxf5 Rf8 26. Qg3+ Rg7 27. Rxf8+ Kxf8 28. Qf2+ Rf7 29. Qxa7 b5 30. Qc5+ Ke8 31. Qb6 h5 32. Qb8+ Ke7 33. a4 Qf5 34. Qd6+ Ke8 35. Qb8+ Ke7 36. Qd6+ Ke8 37.
Qxc6+ Kf8 38. Qc5+ 1-0

[Event "GrandPrix_30.05"]
[Site "Chess.com"]
[Date "2020.05.30"]
[Round "2"]
[White "rim1618"]
[Black "AnotherGrumpy"]
[Result "1/2-1/2"]
[WhiteElo "2373"]
[BlackElo "2037"]
[TimeControl "600+2"]
[EndTime "8:43:47 PDT"]
[Termination "Game drawn by agreement"]

1. Nf3 Nf6 2. g3 g6 3. b3 Bg7 4.
Bb2 O-O 5. Bg2 d5 6. c4 dxc4 7. bxc4 c5 8. O-O Nc6 9. Nc3 Be6 10. d3 Rc8 11. Rb1 b6 12. Ng5 Bd7 13. Nd5 e6 14. Nxf6+ Bxf6 15. Bxf6 Qxf6 16. Qd2 Nd4 17. h4 Bc6 18. Bxc6 Rxc6 19. a4 Rd8 20. a5 Qe5 21. Rfe1 h6 22. Ne4 Qxe4 23. dxe4 Nf3+ 24. exf3 Rxd2 25. axb6 Rxb6 26. Rxb6 axb6 27. Rb1 Rc2 28. Rxb6 Rxc4 29. e5 g5 30. hxg5 hxg5 31. Kg2 Kg7 32. Rc6 Kg6 33. g4 Rc1 34. Rc8 c4 35. Rg8+ Kh6 36.
Rh8+ Kg7 37. Rc8 c3 38. f4 gxf4 39. Kf3 c2 40. Kxf4 Kg6 41. Rg8+ Kh7 42. Rc8 Kg7 43. Kg5 Re1 44. Rxc2 Rxe5+ 45. Kh4 Ra5 1/2-1/2

[Event "GrandPrix_30.05"]
[Site "Chess.com"]
[Date "2020.05.30"]
[Round "2"]
[White "WoodlandMagic"]
[Black "LiamVrolijk"]
[Result "1/2-1/2"]
[WhiteElo "2105"]
[BlackElo "2416"]
[TimeControl "600+2"]
[EndTime "8:43:50 PDT"]
[Termination "Game drawn by repetition"]

1. d4 d5 2. c4 e6 3. Nc3 c5 4. cxd5 exd5 5. Nf3 Nc6 6. g3 Nf6 7. Bg2 cxd4 8. Nxd4 Bc5 9. Nb3 Bb6 10. O-O d4 11. Na4 O-O 12. Bg5 Re8 13. Re1 h6 14.
Bxf6 Qxf6 15. Nxb6 axb6 16. Bxc6 bxc6 17. Qxd4 Qd8 18.
Qxd8 Rxd8 19. f3 Be6 20. Kf2 c5 21. Ke3 Re8 22. Kf2 Red8 23. Ke3 Ra4 24. Nc1 Re8 25. Kf2 Rd8 26. Ke3 Re8 27. Kf2 Rd8 28. Ke3 1/2-1/2

[Event "GrandPrix_30.05"]
[Site "Chess.com"]
[Date "2020.05.30"]
[Round "2"]
[White "hubertsmazak"]
[Black "VSanduleac"]
[Result "0-1"]
[WhiteElo "2221"]
[BlackElo "2280"]
[TimeControl "600+2"]
[EndTime "8:44:01 PDT"]
[Termination "VSanduleac won by resignation"]

1. d4 d6 2. e4 Nf6 3. Nc3 g6 4. Bg5 Bg7 5. f4 c6 6. Nf3 Qb6 7. Rb1 Bg4 8. Be2 h6 9. Bxf6 Bxf6 10. e5 Bg7 11. Qd2 Nd7 12. Na4 Qc7 13. O-O Rd8 14. Qe3 O-O 15. Bd3 c5 16. dxc5 Bxf3 17. exd6 exd6 18. Qxf3 dxc5 19. Kh1 c4 20. Be4 b5 21. Nc3 Qc5 22. f5 g5 23. Rbd1 Nf6 24. Nd5 Nxd5 25. Bxd5 Bf6 26. Rfe1 Kg7 27. b3 Rd6 28. bxc4 bxc4 29.
Be4 Rfd8 30. Rxd6 Rxd6 31. h3 Rd2 32. Rb1 Qd4 33. c3 Qxc3 34. Qxc3 Bxc3 35. Rb7 Rd1+ 36. Kh2 Be5+ 37. g3 Rd2+ 38. Kg1 c3 39. Rb5 c2 40. Bxc2 Bd4+ 0-1

[Event "GrandPrix_30.05"]
[Site "Chess.com"]
[Date "2020.05.30"]
[Round "2"]
[White "ehrenfeld"]
[Black "ZverevLev"]
[Result "1-0"]
[WhiteElo "2007"]
[BlackElo "2137"]
[TimeControl "600+2"]
[EndTime "8:44:08 PDT"]
[Termination "ehrenfeld won by checkmate"]

1. e4 c5 2. d3 Nc6 3. f4 e6 4. Nf3 Nge7 5. Be2 g6 6. O-O Bg7 7. c3 O-O 8. Be3 b6 9. d4 d6 10. Na3 Bb7 11. dxc5 dxc5 12. Qc2 a6 13. Nc4 Qc7 14. a4 Rfd8 15. Qb3 Nc8 16. f5 exf5 17. exf5 Ne5 18. Ncxe5 Bxe5 19. fxg6 hxg6 20. Nxe5 Qxe5 21. Qxf7+ Kh8 22. Bf4 Qxe2 23. Qxb7 Ra7 24. Qc6 Kh7 25. Rae1 Qxb2 26. Re3 Qc2 27. Be5 Rd3 28. Qxc8 Kh6 29. Qh3+ Kg5 30. Bf6# 1-0

[Event "GrandPrix_30.05"]
[Site "Chess.com"]
[Date "2020.05.30"]
[Round "2"]
[White "chessfreak35"]
[Black "Karacsonyi_Gellert"]
[Result "1/2-1/2"]
[WhiteElo "2507"]
[BlackElo "2223"]
[TimeControl "600+2"]
[EndTime "8:44:23 PDT"]
[Termination "Game drawn by agreement"]

1. e4 c5 2. Nf3 Nc6 3. d4 cxd4 4. Nxd4 g6 5. c4 Nf6 6. Nc3 d6 7. Be2 Nxd4 8. Qxd4 Bg7 9. Be3 O-O 10. Qd2 a5 11. Rd1 a4 12. O-O Qa5 13. f4 Bd7 14. Bd4 Bc6 15. Bf3 Nd7 16. Bxg7 Kxg7 17. e5 Qc5+ 18. Kh1 Nb6 19. exd6 Nxc4 20. Qd4+ Qxd4 21.
Rxd4 Nxd6 22. Bxc6 bxc6 23. Rxa4 Nb5 24. Rxa8 Rxa8 25.
Nxb5 cxb5 26. a3 b4 27. axb4 Rb8 28. Re1 Rxb4 29. Rxe7 Rxb2 1/2-1/2

[Event "GrandPrix_30.05"]
[Site "Chess.com"]
[Date "2020.05.30"]
[Round "2"]
[White "klimkoj"]
[Black "N4700000"]
[Result "0-1"]
[WhiteElo "2113"]
[BlackElo "2311"]
[TimeControl "600+2"]
[EndTime "8:44:58 PDT"]
[Termination "N4700000 won by resignation"]

1. e4 c5 2. Nf3 e6 3. d4 cxd4 4.
Nxd4 Nf6 5. Bd3 Nc6 6. Nxc6 bxc6 7. O-O d5 8. Nd2 Be7 9. Qe2 a5 10. f4 a4 11. Nf3 dxe4 12. Bxe4 Nxe4 13. Qxe4 Qd5 14.
Qxd5 cxd5 15. Be3 Ba6 16. Rfe1 O-O 17. Bd4 Rfc8 18. c3 Rab8 19. b4 a3 20. Ne5 Bc4 21. Kf2 Rb7 22. Ke3 f6 23. Nf3 Bd6 24. Kf2 Kf7 25.
g3 Bd3 26. Re3 Bf5 27. Nd2 g5 28. fxg5 e5 29. Rf3 exd4 30. Rxf5 dxc3 31. Rxf6+ Ke7 32. Re1+ Kd7 33. Nb3 Rxb4 34. Rf7+ Kc6 35. Rc1 d4 36. Rf3 Re8 37. Re1 Rxe1 38. Kxe1 Rxb3 0-1

[Event "GrandPrix_30.05"]
[Site "Chess.com"]
[Date "2020.05.30"]
[Round "2"]
[White "AsadliVugar"]
[Black "kostasam18"]
[Result "1-0"]
[WhiteElo "2463"]
[BlackElo "2089"]
[TimeControl "600+2"]
[EndTime "8:45:00 PDT"]
[Termination "AsadliVugar won by resignation"]

1. e4 e5 2. Nf3 Nc6 3. Bc4 Nf6 4. d3 Bc5 5. c3 a6 6. O-O d6 7. Bb3 Ba7 8. Be3 Bxe3 9. fxe3 O-O 10. Nbd2 Ne7 11. Nh4 Kh8 12. h3 Neg8 13. Qe1 g6 14. g4 Kg7 15. Qg3 Be6 16. Rf2 Qd7 17. Raf1 h5 18. Nf5+ Kh7 19. Qh4 d5 20. Nf3 dxe4 21. Nxe5 Qb5 22. d4 Bxb3 23. axb3 gxf5 24. g5 Nd7 25. Qxh5+ Kg7 26. c4 Qxb3 27. Nxd7 Qxe3 28. Kh1 Qxd4 29. Nf6 Nxf6 30. Qh6+ Kg8 31. gxf6 1-0

[Event "GrandPrix_30.05"]
[Site "Chess.com"]
[Date "2020.05.30"]
[Round "2"]
[White "Bulldog167"]
[Black "zuagroasta"]
[Result "1-0"]
[WhiteElo "2417"]
[BlackElo "1824"]
[TimeControl "600+2"]
[EndTime "8:45:08 PDT"]
[Termination "Bulldog167 won by resignation"]

1. e4 e5 2. Nc3 Nc6 3. Bc4 Nf6 4. d3 Bc5 5. Be3 d6 6. a3 a6 7. h3 Nd4 8. Nge2 c6 9. Ba2 O-O 10. O-O Be6 11. Bxe6 fxe6 12. Ng3 Qe8 13. Nce2 h5 14. Nxd4 exd4 15. Bg5 Qg6 16. Bxf6 Qxf6 17. Qxh5 Qf4 18.
Qg4 Qxg4 19. hxg4 Rf4 20. f3 Raf8 21. Nf5 exf5 22. exf5 d5 23. g3 R4xf5 24. gxf5 Rf7 25. g4 Bd6 26. f4 Re7 27. Rae1 Rxe1 28. Rxe1 Kf7 29.
Rf1 Kf6 30. Kg2 c5 31. Kf3 b5 32. Re1 1-0

[Event "GrandPrix_30.05"]
[Site "Chess.com"]
[Date "2020.05.30"]
[Round "2"]
[White "Herracek"]
[Black "bsnsun"]
[Result "1-0"]
[WhiteElo "2423"]
[BlackElo "1952"]
[TimeControl "600+2"]
[EndTime "8:45:12 PDT"]
[Termination "Herracek won by resignation"]

1. c4 Nf6 2. Nc3 e6 3. e4 d5 4. e5 d4 5. exf6 dxc3 6. bxc3 Qxf6 7. Nf3 c5 8. Bd3 Nc6 9. Bc2 Be7 10. d4 h6 11. O-O O-O 12. Qd3 Qf5 13. Qe2 Qh5 14.
Rb1 Bd6 15. Ba3 Rd8 16. Qd3 g6 17. Rfd1 cxd4 18. Bxd6 Rxd6 19. cxd4 b6 20. Qe3 Ba6 21.
Bb3 Rad8 22. d5 exd5 23. Rxd5 Qg4 24. Rxd6 Rxd6 25. c5 bxc5 26. Qe8+ 1-0

[Event "GrandPrix_30.05"]
[Site "Chess.com"]
[Date "2020.05.30"]
[Round "2"]
[White "Lukianoo"]
[Black "Velis23"]
[Result "1-0"]
[WhiteElo "2553"]
[BlackElo "2176"]
[TimeControl "600+2"]
[EndTime "8:45:46 PDT"]
[Termination "Lukianoo won by resignation"]

1. e4 c6 2. d4 d5 3. e5 Na6 4.
Nf3 g6 5. Be2 h5 6. O-O Nc7 7.
c4 Bg4 8. b3 Nh6 9. Nbd2 Nf5 10. h3 Bxf3 11. Nxf3 Bg7 12. Bd3 Qd7 13. Be3 O-O-O 14.
Rc1 f6 15. exf6 exf6 16. Bf4 Ne6 17. Bh2 dxc4 18. Rxc4 Nexd4 19. Nxd4 Nxd4 20. Qc1 Bh6 21. Qc3 Rhe8 22. Qa5 b5 23. Rxd4 1-0

[Event "GrandPrix_30.05"]
[Site "Chess.com"]
[Date "2020.05.30"]
[Round "2"]
[White "fm_magua"]
[Black "abraham1982"]
[Result "0-1"]
[WhiteElo "1860"]
[BlackElo "2185"]
[TimeControl "600+2"]
[EndTime "8:45:46 PDT"]
[Termination "abraham1982 won by resignation"]

1. e4 c5 2. Nf3 e6 3. d4 cxd4 4. Nxd4 a6 5. Nc3 Qc7 6. Be2 Nf6 7. O-O Nc6 8. Be3 Ne5 9. f4 Nc4 10. Bxc4 Qxc4 11. e5 Nd5 12. Nxd5 Qxd5 13. f5 b5 14. Qh5 g6 15. fxg6 fxg6 16. Qg4 Bb7 17. Nf3 O-O-O 18.
c4 bxc4 19. Rac1 Kb8 20. Rfd1 Qe4 21. Qg5 Be7 22. Qh6 g5 23. Bf2 g4 24. Ne1 Rhf8 25.
Rd4 Qxe5 26. Rdxc4 Bg5 27. Qxh7 Rxf2 28. Kxf2 Be3+ 29.
Kf1 Rf8+ 30. Nf3 gxf3 31. g3 Bxc1 32. Rc2 Be3 33. Qxd7 f2 0-1

[Event "GrandPrix_30.05"]
[Site "Chess.com"]
[Date "2020.05.30"]
[Round "2"]
[White "ly4o"]
[Black "PresidenteMNE"]
[Result "1-0"]
[WhiteElo "2032"]
[BlackElo "2111"]
[TimeControl "600+2"]
[EndTime "8:45:57 PDT"]
[Termination "ly4o won by resignation"]

1. d4 e5 2. dxe5 d6 3. Nf3 Bg4 4. exd6 Bxd6 5. Qd4 Nf6 6. Bg5 Nc6 7. Qe3+ Be6 8. Nc3 Qe7 9. O-O-O O-O-O 10. Ne4 Rhe8 11.
Nxd6+ Rxd6 12. Rxd6 Qxd6 13. Bxf6 gxf6 14. Qd2 Qc5 15.
e3 Bxa2 16. Bd3 Be6 17. Qc3 Qxc3 18. bxc3 Ne5 19. Nd4 c5 20. Nb5 Rd8 21. Nxa7+ Kb8 22. Nb5 Nxd3+ 23. cxd3 Rxd3 24. Rd1 Rxd1+ 25. Kxd1 Kc8 26.
Nd6+ Kc7 27. Ne8+ Kc6 28. Nxf6 h6 29. h4 b5 30. g4 b4 31. cxb4 cxb4 32. g5 hxg5 33. h5 b3 34. e4 Kc5 35. Kc1 Kd4 36. h6 Kc3 37. Nd5+ Kd4 38. h7 Kxe4 39. Nc3+ 1-0

[Event "GrandPrix_30.05"]
[Site "Chess.com"]
[Date "2020.05.30"]
[Round "2"]
[White "grunbergmihai"]
[Black "RussianChessFighter"]
[Result "0-1"]
[WhiteElo "2227"]
[BlackElo "2190"]
[TimeControl "600+2"]
[EndTime "8:46:32 PDT"]
[Termination "RussianChessFighter won by resignation"]

1. Nf3 Nf6 2. c4 g6 3. g3 Bg7 4.
Bg2 O-O 5. O-O d6 6. d4 Nc6 7. Nc3 e5 8. d5 Nb8 9. e4 a5 10. Ne1 Na6 11. Nd3 Nd7 12. Rb1 Ndc5 13. b3 f5 14. a3 Nxd3 15. Qxd3 Nc5 16. Qc2 a4 17. b4 Nb3 18. Nxa4 Nxc1 19. Rfxc1 Bd7 20.
b5 b6 21. Ra1 f4 22. Nb2 f3 23.
Bf1 h5 24. Nd3 Bh6 25. Rcb1 h4 26. a4 hxg3 27. fxg3 Be3+ 28. Nf2 Qg5 29. Rb3 Bc5 30. Kh1 Kg7 31. Ra2 Rf7 32. Qd2 Qxd2 33. Rxd2 Rxa4 34. Rb1 g5 35. Nd3 Be3 36. Rc2 g4 37. Nf2 Bd4 38. Nd3 Kg6 39. Rb4 Ra3 40. Rb1 Rf8 41. Nf2 Rfa8 42. h3 gxh3 43. Bxh3 Bxf2 44. Bxd7 Rh8+ 0-1